PR
LADUE RAMS @ TWINSBURG TIGERS
08/19/2042
 
TOP OF THE 1ST
Ladue Rams batting - Pitching for Twinsburg Tigers : RHP Raúl Nieves
Pitching: RHP Raúl Nieves
Batting: RHB Muneyaki Hayashi 0-0: Foul Ball, location: 2F
0-1: Foul Ball, location: 2F
0-2: Ball
1-2: Fly out, F8 (Flyball, 8RM, EV 83.8 MPH)
Batting: RHB Luis Colmenaris 0-0: Called Strike
0-1: Ball
1-1: Foul Ball, location: 2F
1-2: Foul Ball, location: 2F
1-2: Strikes out swinging
Batting: RHB Tangaloa Manaolana 0-0: Ball
1-0: Called Strike
1-1: SINGLE (Groundball, 6MD, EV 100.6 MPH)
Batting: LHB Ruff McGruffin 0-0: Called Strike
0-1: Foul Ball, location: 2F
0-2: Ball
1-2: Ball
2-2: Foul Ball, location: 2F
2-2: Strikes out swinging
Top of the 1st over - 0 runs, 1 hit, 0 errors, 1 left on base; Ladue 0 - Twinsburg 0
BOTTOM OF THE 1ST
Twinsburg Tigers batting - Pitching for Ladue Rams : RHP Andrei-Luiz Dawang
Pitching: RHP Andrei-Luiz Dawang
Batting: LHB Keith Garner 0-0: Ball
1-0: Ball
2-0: SINGLE (Line Drive, 4D, EV 110.6 MPH)
Batting: RHB Tim Davis 0-0: Called Strike
0-1: Ball
1-1: Reached on error, E4 (Groundball, 4, EV 91.9 MPH)
Keith Garner to second
Batting: SHB Sherwin Tacod 0-0: Ball
Keith Garner steals 3rd base
Tim Davis to second
1-0: Ball
2-0: Ball
3-0: Called Strike
3-1: Called Strike
3-2: Fly out, F8 (Line Drive, 8LM, EV 91.9 MPH)
Runner from 3rd tags up, SCORES, throw by CF
Batting: LHB Ole Geenen 0-0: Ball
1-0: Foul Ball, location: 2F
1-1: Called Strike
1-2: Ball
2-2: Fly out, F7 (Flyball, 7LSF, EV 96.2 MPH)
Batting: RHB Art Hensley 0-0: Foul Ball, location: 2F
0-1: Foul Ball, location: 5F, Error on foul ball, E5
0-2: Ball
1-2: Ball
2-2: Foul Ball, location: 2F
2-2: Ball
3-2: Base on Balls
Batting: LHB Ray Winters 0-0: Ball
1-0: Swinging Strike
1-1: Foul Ball, location: 2F
1-2: Ball
2-2: Foul Ball, location: 2F
2-2: Fly out, F8 (Flyball, 8LS, EV 85.6 MPH)
Bottom of the 1st over - 1 run, 1 hit, 2 errors, 2 left on base; Ladue 0 - Twinsburg 1
TOP OF THE 2ND
Ladue Rams batting - Pitching for Twinsburg Tigers : RHP Raúl Nieves
Batting: RHB César Hinojosa 0-0: Called Strike
0-1: Swinging Strike
0-2: SINGLE (Line Drive, 7LS, EV 98.1 MPH)
Batting: LHB Jermaine Tuttle 0-0: Called Strike
0-1: Foul Ball, location: 2F
0-2: Fly out, F4 (Line Drive, 4, EV 68.1 MPH)
Batting: RHB Drew Rose 0-0: Foul Ball, location: 2F
0-1: Ball
1-1: Ball
2-1: Foul Ball, location: 2F
2-2: Foul Ball, location: 2F
2-2: Strikes out swinging
Batting: SHB Tom Lenehan 0-0: Called Strike
0-1: Ball
1-1: Called Strike
1-2: Ball
2-2: Fly out, F6 (Popup, 6D, EV 69.4 MPH)
Top of the 2nd over - 0 runs, 1 hit, 0 errors, 1 left on base; Ladue 0 - Twinsburg 1
BOTTOM OF THE 2ND
Twinsburg Tigers batting - Pitching for Ladue Rams : RHP Andrei-Luiz Dawang
Batting: RHB Aaron Carter 0-0: Ball
1-0: Swinging Strike
1-1: Ground out 4-3 (Groundball, 4, EV 103.1 MPH)
Batting: RHB Ernie Lewis 0-0: SINGLE (Groundball, 56D, EV 101.2 MPH)
Batting: RHB Claude Harper 0-0: Called Strike
0-1: Foul Ball, location: 2F
0-2: Ball
1-2: Strikes out looking
Batting: LHB Keith Garner 0-0: Ball
Ernie Lewis is caught stealing 2nd base 2-6
Bottom of the 2nd over - 0 runs, 1 hit, 0 errors, 0 left on base; Ladue 0 - Twinsburg 1
TOP OF THE 3RD
Ladue Rams batting - Pitching for Twinsburg Tigers : RHP Raúl Nieves
Batting: LHB Guillermo Valverde 0-0: Called Strike
0-1: Ball
1-1: Swinging Strike
1-2: Strikes out swinging
Batting: RHB Muneyaki Hayashi 0-0: Fly out, F4 (Popup, 4S, EV 87.5 MPH)
Batting: RHB Luis Colmenaris 0-0: Ball
1-0: Ball
2-0: Foul Ball, location: 2F
2-1: Bunted foul
2-2: Foul Ball, location: 2F
2-2: SINGLE (Groundball, 4M, EV 107.5 MPH)
Batting: RHB Tangaloa Manaolana 0-0: Ball
1-0: Called Strike
1-1: Ball
2-1: Foul Ball, location: 2F
2-2: SINGLE (Groundball, 56D, EV 105.6 MPH)
Luis Colmenaris to second
Batting: LHB Ruff McGruffin 0-0: Ball
1-0: Ball
2-0: Ball
3-0: Called Strike
3-1: Base on Balls
Luis Colmenaris to third
Tangaloa Manaolana to second
Batting: RHB César Hinojosa 0-0: Ball
1-0: Called Strike
1-1: Ground out 5-3 (Groundball, 5S, EV 63.1 MPH)
Top of the 3rd over - 0 runs, 2 hits, 0 errors, 3 left on base; Ladue 0 - Twinsburg 1
BOTTOM OF THE 3RD
Twinsburg Tigers batting - Pitching for Ladue Rams : RHP Andrei-Luiz Dawang
Batting: LHB Keith Garner 0-0: Fly out, F5 (Popup, 5, EV 49.4 MPH)
Batting: RHB Tim Davis 0-0: Ball
1-0: Called Strike
1-1: Foul Ball, location: 2F
1-2: Strikes out swinging
Batting: SHB Sherwin Tacod 0-0: Ball
1-0: SINGLE (Groundball, 2L, EV 66.2 MPH) (infield hit)
Batting: LHB Ole Geenen 0-0: Called Strike
Sherwin Tacod steals 2nd base
0-1: Foul Ball, location: 2F
0-2: Strikes out swinging
Bottom of the 3rd over - 0 runs, 1 hit, 0 errors, 1 left on base; Ladue 0 - Twinsburg 1
TOP OF THE 4TH
Ladue Rams batting - Pitching for Twinsburg Tigers : RHP Raúl Nieves
Batting: LHB Jermaine Tuttle 0-0: Called Strike
0-1: Foul Ball, location: 2F
0-2: Ball
1-2: Ball
2-2: Foul Ball, location: 2F
2-2: Ball
3-2: Fly out, F7 (Flyball, 78S, EV 91.2 MPH)
Batting: RHB Drew Rose 0-0: Called Strike
0-1: Called Strike
0-2: Ball
1-2: Fly out, F7 (Line Drive, 7, EV 111.9 MPH)
Batting: SHB Tom Lenehan 0-0: Ball
1-0: Swinging Strike
1-1: Swinging Strike
1-2: Ball
2-2: Foul Ball, location: 2F
2-2: Strikes out swinging
Top of the 4th over - 0 runs, 0 hits, 0 errors, 0 left on base; Ladue 0 - Twinsburg 1
BOTTOM OF THE 4TH
Twinsburg Tigers batting - Pitching for Ladue Rams : RHP Andrei-Luiz Dawang
Batting: RHB Art Hensley 0-0: Called Strike
0-1: Foul Ball, location: 2F
0-2: Ball
1-2: Strikes out looking
Batting: LHB Ray Winters 0-0: Called Strike
0-1: Called Strike
0-2: Foul Ball, location: 2F
0-2: Ball
1-2: Strikes out swinging
Batting: RHB Aaron Carter 0-0: Ball
1-0: Ball
2-0: Swinging Strike
2-1: Ball
3-1: Foul Ball, location: 2F
3-2: Strikes out swinging
Bottom of the 4th over - 0 runs, 0 hits, 0 errors, 0 left on base; Ladue 0 - Twinsburg 1
TOP OF THE 5TH
Ladue Rams batting - Pitching for Twinsburg Tigers : RHP Raúl Nieves
Batting: LHB Guillermo Valverde 0-0: Ball
1-0: Called Strike
1-1: Called Strike
1-2: Ball
2-2: Foul Ball, location: 2F
2-2: Strikes out swinging
Batting: RHB Muneyaki Hayashi 0-0: Ball
1-0: Ball
2-0: Swinging Strike
2-1: Ball
3-1: Ground out 6-3 (Groundball, 56, EV 88.8 MPH)
Batting: RHB Luis Colmenaris 0-0: Foul Ball, location: 2F
0-1: Ball
1-1: Ground out 6-3 (Groundball, 6, EV 80.0 MPH)
Top of the 5th over - 0 runs, 0 hits, 0 errors, 0 left on base; Ladue 0 - Twinsburg 1
BOTTOM OF THE 5TH
Twinsburg Tigers batting - Pitching for Ladue Rams : RHP Andrei-Luiz Dawang
Batting: RHB Ernie Lewis 0-0: Ball
1-0: Ball
2-0: Ball
3-0: Base on Balls
Batting: RHB Claude Harper 0-0: Foul Ball, location: 2F
0-1: Reached on error, E2 (Groundball, 2L, EV 43.8 MPH)
Ernie Lewis to third
Batting: LHB Keith Garner 0-0: Called Strike
0-1: Fly out, F8 (Line Drive, 8LM, EV 93.8 MPH)
Runner from 3rd tags up, SCORES, no throw by CF
Batting: RHB Tim Davis 0-0: Ball
Wild Pitch!
Claude Harper to third
1-0: Ball
2-0: Ground out 6-3 (Groundball, 6, EV 108.1 MPH)
Claude Harper scores
Batting: SHB Sherwin Tacod 0-0: Ball
1-0: Ball
2-0: Foul Ball, location: 2F
2-1: Ball
3-1: Called Strike
3-2: Fly out, F8 (Flyball, 8RD, EV 103.8 MPH)
Bottom of the 5th over - 2 runs, 0 hits, 1 error, 0 left on base; Ladue 0 - Twinsburg 3
TOP OF THE 6TH
Ladue Rams batting - Pitching for Twinsburg Tigers : RHP Raúl Nieves
Batting: RHB Tangaloa Manaolana 0-0: Foul Ball, location: 2F
0-1: Ball
1-1: Foul Ball, location: 2F
1-2: Fly out, F4 (Flyball, 34D, EV 74.4 MPH)
Batting: LHB Ruff McGruffin 0-0: Foul Ball, location: 2F
0-1: Ball
1-1: Ground out 4-3 (Groundball, 4S, EV 70.0 MPH)
Batting: RHB César Hinojosa 0-0: Ground out 5-3 (Groundball, 56S, EV 85.0 MPH)
Top of the 6th over - 0 runs, 0 hits, 0 errors, 0 left on base; Ladue 0 - Twinsburg 3
BOTTOM OF THE 6TH
Twinsburg Tigers batting - Pitching for Ladue Rams : RHP Andrei-Luiz Dawang
Batting: LHB Ole Geenen 0-0: Ball
1-0: Foul Ball, location: 2F
1-1: Foul Ball, location: 2F
1-2: Ball
2-2: Ball
3-2: Fly out, F9 (Flyball, 89D, EV 87.5 MPH)
Batting: RHB Art Hensley 0-0: Ball
1-0: Foul Ball, location: 2F
1-1: Ball
2-1: Foul Ball, location: 2F
2-2: Foul Ball, location: 2F
2-2: Foul Ball, location: 2F
2-2: Foul Ball, location: 2F
2-2: SINGLE (Line Drive, 7S, EV 105.0 MPH)
Batting: LHB Ray Winters 0-0: Ball
1-0: Called Strike
1-1: Foul Ball, location: 2F
1-2: Foul Ball, location: 2F
1-2: Ball
2-2: Foul Ball, location: 2F
2-2: Ball
3-2: Foul Ball, location: 2F
3-2: Foul Ball, location: 2F
3-2: Strikes out looking
Batting: RHB Aaron Carter 0-0: Ball
1-0: Ground out 4-3 (Groundball, 4, EV 97.5 MPH)
Bottom of the 6th over - 0 runs, 1 hit, 0 errors, 1 left on base; Ladue 0 - Twinsburg 3
TOP OF THE 7TH
Ladue Rams batting - Pitching for Twinsburg Tigers : RHP Raúl Nieves
Batting: LHB Jermaine Tuttle 0-0: Ball
1-0: Swinging Strike
1-1: Swinging Strike
1-2: Ball
2-2: Strikes out looking
Batting: RHB Drew Rose 0-0: Ball
1-0: Fly out, F8 (Flyball, 8RXD, EV 103.8 MPH)
Batting: SHB Tom Lenehan 0-0: Ball
1-0: Ball
2-0: Called Strike
2-1: Ball
3-1: Bunt missed!
3-2: Strikes out swinging
Top of the 7th over - 0 runs, 0 hits, 0 errors, 0 left on base; Ladue 0 - Twinsburg 3
BOTTOM OF THE 7TH
Twinsburg Tigers batting - Pitching for Ladue Rams : RHP Andrei-Luiz Dawang
Pitching: RHP Bayani Samelo
Batting: RHB Ernie Lewis 0-0: Ball
1-0: Fly out, F8 (Flyball, 89D, EV 102.5 MPH)
Batting: RHB Claude Harper 0-0: Called Strike
0-1: Fly out, F9 (Flyball, 89M, EV 80.0 MPH)
Batting: LHB Keith Garner 0-0: Foul Ball, location: 2F
0-1: Ball
1-1: Foul Ball, location: 9LSF, Error on foul ball, E9
1-2: Ball
2-2: Strikes out swinging
Bottom of the 7th over - 0 runs, 0 hits, 1 error, 0 left on base; Ladue 0 - Twinsburg 3
TOP OF THE 8TH
Ladue Rams batting - Pitching for Twinsburg Tigers : RHP Raúl Nieves
Pitching: RHP Ming-hoa Ngui
Now in RF: Alex Kelley
Batting: LHB Guillermo Valverde 0-0: Ball
1-0: Ball
2-0: Foul Ball, location: 2F
2-1: Foul Ball, location: 2F
2-2: Foul Ball, location: 2F
2-2: SINGLE (Groundball, 4MD, EV 107.5 MPH)
Batting: RHB Muneyaki Hayashi 0-0: Called Strike
0-1: SINGLE (Flyball, 78S, EV 97.5 MPH)
Guillermo Valverde to second
Batting: RHB Luis Colmenaris 0-0: Fly out, F8 (Flyball, 8RD, EV 76.9 MPH)
Batting: RHB Tangaloa Manaolana 0-0: Called Strike
0-1: Ball
1-1: Ball
2-1: Grounds into double play, 6-4-3 (Groundball, 6, EV 103.8 MPH)
Top of the 8th over - 0 runs, 2 hits, 0 errors, 1 left on base; Ladue 0 - Twinsburg 3
BOTTOM OF THE 8TH
Twinsburg Tigers batting - Pitching for Ladue Rams : RHP Bayani Samelo
Batting: RHB Tim Davis 0-0: Foul Ball, location: 2F
0-1: Ball
1-1: Swinging Strike
1-2: Ball
2-2: Strikes out looking
Batting: SHB Sherwin Tacod 0-0: Foul Ball, location: 2F
0-1: Called Strike
0-2: Strikes out looking
Batting: LHB Ole Geenen 0-0: Ball
1-0: Ball
2-0: Ball
3-0: Called Strike
3-1: Called Strike
3-2: Foul Ball, location: 2F
3-2: SINGLE (Line Drive, 78S, EV 98.1 MPH)
Batting: RHB Art Hensley 0-0: Ball
1-0: Foul Ball, location: 2F
1-1: Foul Ball, location: 2F
1-2: Strikes out looking
Bottom of the 8th over - 0 runs, 1 hit, 0 errors, 1 left on base; Ladue 0 - Twinsburg 3
TOP OF THE 9TH
Ladue Rams batting - Pitching for Twinsburg Tigers : RHP Ming-hoa Ngui
Pitching: LHP Steve Dimond
Batting: LHB Ruff McGruffin 0-0: Ball
1-0: Ball
2-0: Foul Ball, location: 2F
2-1: Foul Ball, location: 2F
2-2: Foul Ball, location: 2F
2-2: Foul Ball, location: 2F
2-2: Strikes out swinging
Batting: RHB César Hinojosa 0-0: Called Strike
0-1: Ball
1-1: Ball
2-1: Ball
3-1: Base on Balls
Batting: LHB Jermaine Tuttle 0-0: Ball
1-0: Called Strike
1-1: Fielders Choice at 2nd, 4-6 (Groundball, 4, EV 105.0 MPH)
Batting: RHB Drew Rose 0-0: Called Strike
0-1: Ball
1-1: Foul Ball, location: 2F
1-2: Strikes out looking
Top of the 9th over - 0 runs, 0 hits, 0 errors, 1 left on base; Ladue 0 - Twinsburg 3
Friday, March 26th, 2021 - OOTP Baseball 20.8 Build 74